Map: Неоновая площадь РВ

Players

AAStepan - Winner!

  • Race: Terran Terran
  • League: Silver
  • Spawn Location: 5:00

flexroad

  • Race: Terran Terran
  • League: Gold
  • Spawn Location: 11:00

VOD

Have the link to the VOD?

Description

Time

  • Played on: April 28, 2025, 12:20 a.m.
  • Length: 28:43
Show
View Real Time Build Order
Export as new Build Order

AAStepan Terran - Winner!

Build Orders:  

Get SALT Encoding   

  12  0:00  SCV  
  13  0:17  Supply Depot  
  13  0:18  SCV  
  14  0:30  SCV  
  15  0:40  Barracks  
  15  0:42  SCV  
  16  0:50  Refinery  
  16  0:58  SCV  
  17  1:10  SCV  
  18  1:22  SCV  
  18  1:23  Barracks  
  19  1:34  SCV  
  20  1:46  SCV  
  21  1:51  Marine  
  22  1:58  Command Center  
  22  2:09  SCV  
  23  2:29  Refinery  
  23  2:32  Orbital Command  
  23  2:35  Barracks Tech Lab  
  23  2:39  Supply Depot  
  23  2:56  Stimpack  
  23  3:00  Marine x2  
  23  3:05  Supply Depot  
  25  3:18  Marine  
  27  3:25  Supply Depot  
  26  3:28  Barracks Reactor  
  26  3:35  SCV  
  26  3:39  Engineering Bay  
  26  3:41  Engineering Bay  
  27  3:47  SCV  
  28  3:49  Factory  
  28  3:51  Marauder  
  30  3:57  SCV  
  30  3:59  SCV  
  32  4:06  Marine x2  
  32  4:09  SCV  
  35  4:10  Terran Infantry Weapons Level 1  
  35  4:11  SCV  
  35  4:12  Marine  
  35  4:15  Terran Infantry Armor Level 1  
  37  4:27  SCV x2  
  37  4:30  Marine  
  37  4:31  Marine  
  41  4:33  Factory Tech Lab  
  41  4:39  Supply Depot, SCV  
  41  4:45  Armory  
  42  4:46  Marine  
  42  4:48  Marine  
  42  4:52  Combat Shield  
  44  5:06  Marine  
  45  5:07  Marine x2  
  47  5:18  Siege Tank  
  50  5:24  Marine  
  50  5:25  Marine x2  
  53  5:34  Terran Vehicle Weapons Level 1  
  53  5:42  Marine, SCV x2  
  56  5:43  Marine x2  
  58  5:54  SCV x2  
  60  5:58  Cyclone  
  60  6:03  Refinery  
  63  6:05  Refinery  
  63  6:06  SCV x2  
  65  6:18  SCV x2  
  67  6:21  Marine x3  
  70  6:40  Command Center, Orbital Command  
  70  7:01  Supply Depot  
  70  7:03  SCV, Marine x3  
  74  7:10  Siege Tank  
  74  7:15  Terran Infantry Weapons Level 2, Terran Infantry Armor Level 2  
  77  7:21  Marine x3  
  78  7:54  Cyclone  
  65  8:07  Starport  
  65  8:10  SCV  
  65  8:12  SCV x2  
  60  8:23  SCV  
  60  8:27  Cyclone  
  56  8:41  SCV  
  52  8:53  Command Center, SCV  
  52  8:59  Cyclone  
  54  9:05  SCV  
  54  9:07  SCV  
  54  9:15  Starport Reactor  
  54  9:16  SCV  
  54  9:19  SCV, Orbital Command  
  50  9:27  Mag-Field Accelerator  
  50  9:28  SCV  
  50  9:31  Cyclone, SCV  
  54  9:37  Armory  
  55  9:41  SCV  
  55  9:43  SCV  
  57  9:55  SCV  
  57  9:56  SCV x2  
  57  9:58  Medivac  
  57  9:59  Viking  
  64  10:03  Cyclone  
  64  10:06  Marine x3  
  70  10:07  SCV  
  70  10:08  SCV x2  
  70  10:12  Armory  
  70  10:13  SCV  
  74  10:16  Missile Turret  
  74  10:19  Hi-Sec Auto Tracking  
  74  10:20  SCV x3, Neosteel Armor  
  77  10:23  Marine  
  77  10:24  Marine  
  77  10:25  SCV  
  77  10:27  Refinery  
  77  10:28  Viking  
  82  10:29  Viking, Refinery  
  82  10:32  SCV  
  82  10:35  Cyclone, Marine  
  89  10:41  Marine x2, Missile Turret  
  91  10:44  SCV  
  92  10:50  Armory  
  92  10:52  Marine  
  93  10:58  Viking  
  93  10:59  Terran Ship Weapons Level 1  
  93  11:01  SCV  
  93  11:04  Refinery  
  96  11:06  Refinery, SCV x3  
  99  11:13  SCV  
  99  11:18  SCV x2  
  102  11:20  Cyclone  
  105  11:30  SCV  
  106  11:37  SCV x3  
  109  11:42  SCV, Marine x3  
  117  11:49  Terran Vehicle And Ship Armor Level 1, SCV  
  117  11:52  Cyclone  
  119  11:59  Marine  
  119  12:00  Marine  
  115  12:02  SCV  
  115  12:06  Missile Turret  
  115  12:07  Missile Turret  
  110  12:14  SCV  
  111  12:16  Missile Turret  
  111  12:26  SCV  
  112  12:31  Terran Vehicle Weapons Level 2  
  112  12:33  Cyclone  
  115  12:38  SCV  
  115  12:41  Terran Infantry Armor Level 3, Terran Infantry Weapons Level 3  
  116  12:50  SCV  
  117  12:51  SCV x3  
  120  12:59  Command Center  
  120  13:02  SCV, Marine x3  
  124  13:09  Starport  
  124  13:13  Missile Turret  
  124  13:19  Cyclone, Marine, SCV  
  128  13:20  Marine x2  
  128  13:22  Supply Depot  
  131  13:28  Starport  
  131  13:35  Orbital Command  
  131  13:37  Marine  
  131  13:40  Missile Turret  
  132  13:51  Cyclone  
  135  13:57  Starport Reactor  
  135  14:02  Marine x3  
  138  14:13  Supply Depot  
  138  14:15  Supply Depot  
  138  14:17  Supply Depot  
  138  14:22  Marine x3  
  138  14:23  Cyclone  
  144  14:29  Terran Vehicle And Ship Armor Level 2, Terran Ship Weapons Level 2  
  144  14:36  Viking  
  144  14:37  Viking  
  148  14:40  Marine x3  
  148  14:44  Starport Tech Lab  
  151  14:53  Command Center  
  151  14:55  Cyclone  
  151  14:58  Marine x3  
  156  15:15  Marine  
  156  15:16  Marine x2  
  156  15:21  Raven  
  161  15:22  Interference Matrix  
  161  15:24  Viking x2  
  161  15:27  Cyclone  
  168  15:32  Orbital Command  
  168  15:34  Marine  
  169  15:40  Marine x2  
  171  15:44  Terran Vehicle Weapons Level 3  
  171  15:52  Marine  
  171  15:54  Viking x2  
  171  15:55  Raven  
  178  15:58  Marine x2  
  180  16:09  Marine  
  181  16:16  Marine x2  
  183  16:24  Viking x2  
  187  16:27  Marine  
  187  16:30  Raven  
  190  16:33  Marine  
  190  16:34  Marine  
  192  16:45  Marine  
  193  16:51  Marine  
  193  16:52  Marine  
  195  17:01  Terran Vehicle And Ship Armor Level 3  
  195  17:02  Terran Ship Weapons Level 3  
  195  17:16  Viking, Marine  
  195  17:18  Viking  
  195  17:20  Viking  
  103  17:39  Marine x3  
  92  17:46  Viking  
  92  17:48  Viking  
  92  17:50  Viking  
  90  17:57  Marine x3  
  93  18:09  Starport  
  93  18:11  Missile Turret  
  93  18:14  Marine x2  
  93  18:15  Marine, Missile Turret  
  93  18:16  Viking  
  93  18:17  Missile Turret  
  100  18:20  Missile Turret  
  100  18:25  Missile Turret  
  102  18:32  Marine x2, Engineering Bay  
  102  18:33  Marine  
  105  18:37  Refinery  
  105  18:39  Refinery  
  101  18:49  Starport Reactor  
  101  18:50  Raven, Marine x2  
  101  18:51  Marine  
  106  18:59  Viking x2  
  110  19:04  SCV x4  
  110  19:08  Marine x3  
  117  19:20  Smart Servos  
  119  19:24  Raven  
  119  19:26  Marine x3  
  119  19:29  Viking x2  
  126  19:33  Cyclone  
  129  19:43  Marine  
  129  19:44  Marine x2  
  132  19:49  Missile Turret  
  132  19:58  Raven  
  132  19:59  Viking x2, Missile Turret  
  138  20:01  Marine x2  
  138  20:02  Marine, Missile Turret  
  138  20:05  Cyclone  
  138  20:06  Missile Turret  
  144  20:18  Viking  
  144  20:19  Viking, Marine x2  
  144  20:20  Marine  
  151  20:29  Viking x2  
  151  20:32  Viking  
  157  20:37  Cyclone, Marine x3  
  163  20:48  Viking  
  163  20:49  Viking  
  167  20:55  Marine x2  
  169  20:59  Viking x2  
  169  21:02  Missile Turret  
  173  21:09  Cyclone  
  176  21:13  Command Center  
  176  21:15  Missile Turret  
  176  21:17  Missile Turret  
  176  21:18  Refinery, Missile Turret  
  176  21:20  Refinery  
  176  21:24  Viking  
  176  21:25  Viking x2  
  182  21:26  Marine  
  182  21:27  Marine x2  
  182  21:29  Viking x2  
  182  21:31  Cloaking Field  
  189  21:41  Cyclone  
  189  21:44  Marine  
  189  21:45  Marine x2  
  192  22:02  Marine x3  
  195  22:14  Cyclone  
  198  22:20  Marine x2  
  200  22:30  Barracks, Starport  
  200  22:31  Barracks  
  200  22:32  Barracks  
  200  22:39  Factory  
  200  22:48  Command Center  
  107  23:39  Starport Reactor  
  107  23:57  Marine  
  107  23:58  Marine  
  107  23:59  Barracks Reactor x2  
  109  24:05  Viking x5  
  119  24:13  Barracks Reactor  
  106  24:35  Viking x5  
  106  24:54  SCV  
  107  25:00  Viking x2  
  107  25:04  Marine  
  107  25:05  Viking x5, Marine x8  
  107  25:06  SCV  
  131  25:09  Factory Tech Lab  
  131  25:22  Marine x2  
  131  25:23  Marine x7  
  131  25:25  Refinery  
  140  25:28  Refinery  
  140  25:30  Viking x2  
  140  25:35  Viking x5  
  152  25:37  Cyclone x2  
  152  25:40  Marine x6  
  152  25:41  Marine x3  
  169  25:58  Marine x9  
  169  26:00  Viking x2  
  182  26:05  Viking x5  
  182  26:09  Cyclone x2  
  198  26:15  Marine  
  198  26:16  Marine  
  144  27:14  Marine x9  
  143  27:18  Viking  
  143  27:19  Viking x6  
  132  27:30  Cyclone x2  
  132  27:32  Marine x9  
  147  27:48  Viking  
  147  27:49  Viking x6  
  147  27:50  Marine x9  
  157  28:02  Cyclone x2  
  148  28:07  Marine  
  148  28:08  Marine x8  
Show
View Real Time Build Order
Export as new Build Order

flexroad Terran 

Build Orders:  

Get SALT Encoding   

  12  0:00  SCV  
  13  0:18  Supply Depot  
  13  0:19  SCV  
  14  0:31  SCV  
  15  0:43  Barracks  
  15  0:47  SCV  
  16  0:54  Refinery  
  16  0:59  SCV  
  17  1:06  Supply Depot  
  17  1:43  Command Center  
  17  1:50  Marine  
  18  1:54  Supply Depot  
  18  1:55  Refinery  
  18  1:59  Refinery  
  18  2:09  SCV  
  18  2:10  Marine  
  20  2:27  Marine  
  21  2:35  SCV  
  22  2:38  Bunker  
  22  2:47  SCV  
  23  2:59  SCV  
  23  3:03  Factory  
  24  3:11  SCV  
  25  3:14  SCV  
  26  3:23  SCV  
  26  3:26  SCV  
  28  3:31  Marine, Engineering Bay  
  29  3:35  SCV  
  29  3:38  SCV  
  31  3:48  Refinery  
  31  3:50  SCV  
  32  3:58  Factory Tech Lab, Starport  
  32  4:02  SCV  
  33  4:05  Missile Turret  
  33  4:14  SCV, Orbital Command  
  34  4:20  Refinery  
  34  4:26  SCV  
  35  4:37  Starport  
  35  4:38  SCV  
  35  4:42  Fusion Core  
  36  4:50  Siege Tank  
  39  4:58  Starport Tech Lab  
  39  5:04  SCV  
  40  5:15  Starport Tech Lab  
  40  5:16  SCV  
  41  5:22  Missile Turret  
  41  5:28  SCV, Missile Turret  
  42  5:40  Supply Depot, SCV  
  43  5:50  Battlecruiser  
  43  5:52  SCV  
  50  5:59  Weapon Refit  
  50  6:02  Battlecruiser  
  56  6:07  Armory  
  56  6:18  Armory, SCV  
  57  6:30  SCV  
  57  6:31  Supply Depot  
  58  6:36  Starport  
  58  6:42  SCV  
  59  6:54  Battlecruiser  
  59  6:58  Terran Ship Weapons Level 1  
  65  7:24  Terran Vehicle And Ship Armor Level 1  
  65  7:26  Command Center  
  65  7:30  Missile Turret x2  
  45  9:28  Battlecruiser x2  
  57  9:38  Refinery  
  57  9:40  Battlecruiser  
  63  9:50  SCV  
  63  9:52  Refinery  
  64  9:58  Starport  
  64  9:59  Terran Vehicle And Ship Armor Level 2  
  64  10:02  SCV x2  
  66  10:14  SCV x2  
  66  10:20  Terran Ship Weapons Level 2  
  68  10:26  SCV x2  
  70  10:44  Command Center  
  70  10:57  Command Center  
  70  11:00  Orbital Command  
  70  11:07  SCV  
  71  11:11  Supply Depot  
  71  11:14  Supply Depot  
  71  11:19  SCV  
  71  11:22  Battlecruiser  
  78  11:42  Battlecruiser  
  84  12:11  Battlecruiser  
  84  12:14  Orbital Command  
  90  12:29  Terran Vehicle And Ship Armor Level 3  
  90  12:35  SCV  
  91  12:39  Refinery  
  91  12:48  SCV  
  91  12:50  Orbital Command  
  92  13:00  SCV  
  99  13:05  Battlecruiser  
  99  13:08  SCV  
  99  13:12  SCV  
  101  13:19  Refinery  
  101  13:20  SCV  
  101  13:24  SCV  
  104  13:27  SCV  
  104  13:31  SCV  
  104  13:32  SCV  
  104  13:33  Missile Turret x2  
  106  13:36  SCV  
  107  13:41  Terran Ship Weapons Level 3  
  107  13:43  SCV  
  107  13:44  SCV  
  107  13:48  SCV  
  110  13:55  Battlecruiser  
  116  13:56  SCV  
  116  14:00  SCV  
  118  14:06  Starport  
  118  14:09  Refinery  
  118  14:10  Refinery  
  118  14:19  Battlecruiser  
  124  14:33  Missile Turret x2  
  124  14:34  Missile Turret  
  124  14:44  Battlecruiser  
  130  14:46  Starport Tech Lab  
  130  14:53  Missile Turret  
  130  14:54  Starport Tech Lab  
  130  14:59  SCV  
  131  15:12  SCV  
  132  15:18  Battlecruiser  
  138  15:24  SCV  
  139  15:30  Battlecruiser  
  139  15:35  Supply Depot  
  145  15:36  Supply Depot x2  
  145  15:42  Supply Depot  
  145  15:53  Battlecruiser  
  151  16:01  Supply Depot  
  151  16:04  Supply Depot  
  151  16:09  Orbital Command  
  151  16:19  Battlecruiser  
  157  16:34  Battlecruiser  
  163  16:57  Battlecruiser  
  163  16:58  Battlecruiser  
  91  17:52  Battlecruiser x2  
  91  17:53  Battlecruiser  
  109  18:01  Battlecruiser  
  109  18:02  Battlecruiser  
  109  18:04  Missile Turret, Starport  
  121  18:06  Missile Turret x2  
  121  18:07  Missile Turret  
  121  18:42  Starport Tech Lab  
  121  19:02  Battlecruiser  
  127  19:03  Battlecruiser  
  127  19:04  Battlecruiser  
  127  19:06  Battlecruiser  
  145  19:22  Command Center  
  145  19:28  Battlecruiser  
  151  19:31  Command Center  
  151  19:34  Battlecruiser  
  157  20:06  Battlecruiser  
  163  20:09  Battlecruiser, Refinery  
  163  20:13  Refinery  
  169  20:19  Refinery  
  169  20:21  Refinery  
  169  20:36  Battlecruiser  
  175  20:55  Battlecruiser  
  177  21:13  Battlecruiser  
  183  21:19  Supply Depot  
  183  21:20  Liberator  
  183  21:21  Supply Depot  
  179  22:17  Battlecruiser x2  
  179  22:20  Battlecruiser  
  179  22:21  Battlecruiser  
  196  22:33  Orbital Command  
  196  22:47  Orbital Command  
  118  23:42  Battlecruiser  
  118  23:43  Battlecruiser  
  118  23:44  Battlecruiser  
  118  23:46  Battlecruiser  
  142  23:52  Missile Turret  
  142  23:54  Missile Turret  
  142  24:10  Battlecruiser  
  110  24:55  Battlecruiser  
  116  25:06  Orbital Command  
  116  25:29  Battlecruiser  
  116  25:33  Battlecruiser  
  128  26:01  Battlecruiser x2  
  128  26:03  Battlecruiser  
  152  26:19  SCV  
  153  26:31  SCV  
  154  26:33  Battlecruiser  
  131  27:25  Battlecruiser  
  131  27:27  Starport Tech Lab x2  
  131  27:28  Starport Tech Lab  
  137  27:36  Missile Turret  
  137  27:37  Missile Turret  
  137  27:38  SCV  
  137  27:41  SCV  
  139  27:50  SCV  
  134  27:53  SCV  
  123  28:02  SCV  
  106  28:05  SCV  
  95  28:14  SCV  
  95  28:17  SCV  
  103  28:27  SCV  
  104  28:30  SCV  
Tags
 
Add a new tag
Caveats
  • Supply blocks, unpowered buildings, or Contaminate may cause inaccurate times.
  • Supply counts are checked every 10 seconds.